 Dungeon Crawl Stone Soup version 0.20-a0-1086-g4bd2f5b (webtiles) character file.

1379 FastMan the Cleaver (level 8, 0/73 HPs)
             Began as a Minotaur Berserker on May 1, 2017.
             Was an Elder of Trog.
             Slain by an orc
             ... wielding a cursed -1 whip
              (2 damage)
             ... on level 6 of the Dungeon.
             The game lasted 00:03:18 (3511 turns).

FastMan the Cleaver (Minotaur Berserker)            Turns: 3511, Time: 00:03:18

Health: 0/73       AC:  0    Str: 23    XL:     8   Next: 39%
Magic:  7/7        EV:  7    Int:  4    God:    Trog [****..]
Gold:   170        SH:  0    Dex: 11    Spells: 7/7 levels left

rFire    . . .     SeeInvis .   m - +0 war axe
rCold    . . .     Gourm    .   (no shield)
rNeg     . . .     Faith    .   h - +0 plate armour
rPois    .         Spirit   .   (helmet restricted)
rElec    .         Reflect  .   (no cloak)
rCorr    .         Harm     .   (no gloves)
MR       .....                  (no boots)
Stlth    ..........             (no amulet)
Regen    0.3/turn               (no ring)
MPRegen  0.1/turn               (no ring)

@: corroded, slowed, very slow
A: retaliatory headbutt, horns 2
a: Berserk, Trog's Hand, Brothers in Arms, Burn Spellbooks, Renounce Religion


You were on level 6 of the Dungeon.
You worshipped Trog.
Trog was greatly pleased with you.
You were not hungry.

You visited 1 branch of the dungeon, and saw 6 of its levels.

You collected 170 gold pieces.

Inventory:

Hand Weapons
 a - a +0 hand axe
 m - a +0 war axe (weapon)
Armour
 b - a +0 animal skin
 h - a +0 plate armour (worn)
Jewellery
 f - an uncursed ring of stealth {unknown}
 p - an uncursed ring of protection from magic {unknown}
 s - a +3 ring of strength {unknown}
Scrolls
 e - 4 scrolls of remove curse {unknown}
 i - a scroll of enchant weapon {unknown}
 l - 5 scrolls of identify {unknown}
 n - a scroll of fog {unknown}
 o - a scroll of noise {unknown}
 q - 2 scrolls of amnesia {unknown}
 r - a scroll of teleportation {unknown}
Potions
 d - a potion of haste {@q3}
 g - 2 potions of magic {unknown}
 j - a potion of curing {@q1}
 t - a potion of brilliance {unknown}
 u - 3 potions of invisibility {unknown}
Comestibles
 c - 3 bread rations {@e1}
 k - a meat ration {@e2}
 v - 4 chunks of flesh


   Skills:
 + Level 7.6 Fighting
 * Level 10.0 Axes
 + Level 5.1 Armour
 - Level 2.1 Dodging


You had 7 spell levels left.
You didn't know any spells.

Dungeon Overview and Level Annotations

Branches:
Dungeon (6/15)             Temple (0/1) D:5

Altars:
Yredelemnul


Innate Abilities, Weirdness & Mutations

You reflexively headbutt those who attack you in melee.
You have a pair of horns on your head.


Message History

Unknown command.
You miss the crimson imp. You headbutt the crimson imp.
The crimson imp is lightly wounded.
The orc throws a stone.
The stone misses you.
Unknown command.
Your plate armour prevents you from hitting the crimson imp.
You headbutt the crimson imp!
You kill the crimson imp!
Trog accepts your kill.
Unknown command.
The orc throws a stone.
The stone hits you.
* * * LOW HITPOINT WARNING * * *
Found a long sword.
You see here a stone.
You feel a strong urge to attack something.
You are no longer berserk.
You are exhausted.
You feel yourself slow down. The orc barely misses you.
The orc hits you with an enchanted whip.
You die...

............# ............#
............# .........<..#
............###+###########
...(.......................
..........)...(............
.........(((.$(............
........(.@................
..........o................
............)..............
.....................##+###
.....................#
.....................#
............##########
...).......#


You could see an orc.

Vanquished Creatures
  Menkaure (D:5)
  An orc warrior (D:6)
  A phantom (D:6)
  An ogre (D:5)
  A bullfrog (D:5)
  A howler monkey (D:3)
  3 crimson imps
  2 centaur zombies (D:4)
  The ghost of Cesar21 the Magician, a weakling DEAE (D:3)
  2 bullfrog zombies (D:4)
  A jelly (D:6)
  An orc priest (D:5)
  Ijyb (D:5)
  2 iguanas
  5 orc wizards
  4 worker ants
  A hound skeleton (D:3)
  A worker ant zombie (D:4)
  Robin (D:2)
  8 adders
  7 oozes
  3 adder zombies
  4 worms
  A dart slug (D:1)
  2 leopard geckos
  17 orcs
  3 giant cockroaches (D:1)
  10 goblins
  13 hobgoblins
  14 jackals
  5 kobolds
  3 quokkas
  7 bats
  4 frilled lizards
  A giant cockroach zombie (D:4)
  2 jackal skeletons (D:4)
  3 jackal zombies (D:4)
  3 leopard gecko zombies (D:4)
  A quokka zombie (D:6)
  8 rats
150 creatures vanquished.

Notes
Turn   | Place    | Note
-------+----------+-------------------------------------------
     0 | D:1      | FastMan the Minotaur Berserker began the quest for the Orb.
     0 | D:1      | Reached XP level 1. HP: 19/19 MP: 0/0
     1 | D:1      | Found a runed door.
    93 | D:1      | Reached skill level 4 in Axes
    95 | D:1      | Reached XP level 2. HP: 27/27 MP: 1/1
   105 | D:1      | Reached XP level 3. HP: 33/33 MP: 2/2
   209 | D:2      | Reached skill level 5 in Axes
   251 | D:2      | Reached ** piety under Trog
   367 | D:2      | Noticed Robin
   373 | D:2      | Reached XP level 4. HP: 37/41 MP: 3/3
   380 | D:2      | Killed Robin
   591 | D:2      | Reached skill level 5 in Fighting
   623 | D:2      | Reached XP level 5. HP: 48/48 MP: 4/4
   908 | D:3      | Reached skill level 6 in Axes
  1021 | D:3      | Reached *** piety under Trog
  1028 | D:3      | Noticed Cesar21's ghost (weakling DEAE)
  1037 | D:3      | Killed Cesar21's ghost
  1054 | D:3      | Reached XP level 6. HP: 13/56 MP: 5/5
  1062 | D:3      | Reached skill level 7 in Axes
  1827 | D:3      | Reached **** piety under Trog
  2055 | D:4      | Found a basalt altar of Yredelemnul.
  2222 | D:4      | Reached XP level 7. HP: 61/63 MP: 6/6
  2238 | D:4      | Reached skill level 8 in Axes
  2473 | D:5      | Entered Level 5 of the Dungeon
  2904 | D:5      | Noticed Ijyb
  2913 | D:5      | Killed Ijyb
  2957 | D:5      | Found a staircase to the Ecumenical Temple.
  3157 | D:5      | Noticed Menkaure
  3164 | D:5      | Killed Menkaure
  3164 | D:5      | Reached skill level 9 in Axes
  3173 | D:5      | Reached XP level 8. HP: 63/73 MP: 7/7
  3501 | D:6      | Reached skill level 10 in Axes
  3501 | D:6      | Reached skill level 5 in Armour
  3503 | D:6      | HP: 3/109 [orc/stone (4)]
  3509 | D:6      | HP: 3/109 [orc/stone (1)]
  3511 | D:6      | Slain by an orc

Vault maps used:
D:1:      dpeg_arrival_caged_fury, serial_forest, infiniplex_forest_lined_3,
          infiniplex_forest_lined_room_2, infiniplex_forest_straight_4,
          infiniplex_forest_corner_1, infiniplex_forest_clump_cross,
          infiniplex_forest_fountain, infiniplex_forest_diagonal,
          infiniplex_forest_straight_4, infiniplex_forest_fountain,
          st_stairs_10, minmay_tree_intersection
D:2:      first_bread, uniq_crazy_yiuf_cottage, uniq_robin
D:4:      serial_undead, serial_undead_d, serial_undead_e, serial_undead_c,
          serial_undead_a, serial_undead_f, serial_undead_e, serial_undead_e,
          serial_bayou_pond_d, yredelemnul_altar_generic
D:5:      minmay_temple_entry_mist, uniq_ijyb, uniq_menkaure
D:6:      lemuel_crystal_altar, uniq_grinder

Skill      XL: |  1  2  3  4  5  6  7  8 |
---------------+-------------------------+-----
Axes           | 4 5 6 7 9 10 | 10.0
Fighting       | 4 5 6 7 |  7.6
Armour         | 3 4 5 |  5.1
Dodging        | |  2.1

Action                   |  1- 3 |  4- 6 |  7- 9 || total
-------------------------+-------+-------+-------++-------
Melee: Hand axe          |    40 |    31 |       ||    71
       Headbutt          |     4 |    23 |    24 ||    51
       War axe           |       |   114 |   120 ||   234
Invok: Berserk           |     1 |     2 |     4 ||     7
       Trog's Hand       |       |       |     1 ||     1
  Use: Potion            |       |     4 |       ||     4
  Eat: Chunk             |       |     7 |     4 ||    11
       Meat ration       |       |       |     1 ||     1
Armor: Animal skin       |     4 |       |       ||     4
       Plate armour      |    10 |   134 |    90 ||   234
Dodge: Dodged            |    27 |    65 |    56 ||   148
